 Dungeon Crawl Stone Soup version 0.18-a0-316-gf882de5 (webtiles) character file.

91 Raultor the Changer (level 4, -8/28 HPs)
             Began as an Octopode Transmuter on Nov 27, 2015.
             Mangled by a worm (12 damage)
             ... on level 2 of the Dungeon.
             The game lasted 00:05:27 (2145 turns).

Raultor the Changer (Octopode Transmuter)           Turns: 2145, Time: 00:05:27

Health: -8/28      AC:  1    Str:  9    XL:     4   Next: 57%
Magic:  7/7        EV: 12    Int: 15    God:
Gold:   66         SH:  0    Dex: 13    Spells: 2 memorised, 3 levels left

rFire  . . .     SeeInvis .       - Unarmed
rCold  . . .     Clarity  .     (no shield)
rNeg   . . .     SustAt   .     (helmet restricted)
rPois  .         Gourm    .     (no amulet)
rElec  .         Spirit   .     (no ring)
rCorr  .         Warding  .     (no ring)
rMut   .         Stasis   .     (no ring)
MR     .....                    (no ring)
Stlth  ++........               (no ring)
                                (no ring)
                                (no ring)
                                (no ring)

@: not resistant to hostile enchantments, unstealthy
A: almost no armour, amphibious, 8 rings, constrict 8, camouflage 1, gelatinous
body 1
a: no special abilities


You were on level 2 of the Dungeon.
You were not hungry.

You visited 1 branch of the dungeon, and saw 2 of its levels.

You collected 66 gold pieces.

Inventory:

Missiles
 a - 12 arrows
 d - 5 poisoned arrows
Scrolls
 h - a scroll of magic mapping
 i - a scroll of fog {unknown}
Potions
 e - a potion of brilliance
 g - 3 potions of curing {unknown}
 l - a potion of haste {unknown}
 n - a potion of might {unknown}
Books
 b - a book of Changes

   Spells                             Type                      Level
   a - Beastly Appendage              Transmutation                1
   b - Sticks to Snakes               Transmutation                2
   c - Spider Form                    Transmutation/Poison         3
   d - Ice Form                       Ice/Transmutation            4
   e - Blade Hands                    Transmutation                5
Comestibles
 c - 3 bread rations
 f - 4 fruits


   Skills:
 - Level 1.0 Fighting
 - Level 2.0 Dodging
 - Level 3.0 Unarmed Combat
 - Level 2.0 Spellcasting
 + Level 4.6 Transmutations


You had 3 spell levels left.
You knew the following spells:

 Your Spells              Type           Power        Failure   Level  Hunger
a - Beastly Appendage     Trmt           ###...       3%          1    #......
b - Spider Form           Trmt/Pois      #.........   30%         3    ###....


Dungeon Overview and Level Annotations

Branches:
Dungeon (2/15)

Altars:
Cheibriados
Qazlal
Trog


Innate Abilities, Weirdness & Mutations

You cannot wear most types of armour.
You are amphibious.
You can wear up to eight rings at the same time.
You can use your tentacles to constrict eight enemies at once.
Your skin changes colour to match your surroundings (Stealth).
Your rubbery body absorbs attacks (AC +1).


Message History

You see here a rat corpse.
You tentacle-slap the worm. You grab the worm. You squeeze the worm.
The worm is moderately wounded.
You constrict the worm. The worm bites you!
You tentacle-slap the worm but do no damage.
The worm is moderately wounded.
You constrict the worm. The worm bites you!
Ouch! That really hurt!
* * * LOW HITPOINT WARNING * * *
You release your grip on the worm.
You see here a rat skeleton.
The worm is no longer berserk.
The worm looks more energetic.
You barely miss the worm. You grab the worm. You squeeze the worm.
The worm is moderately wounded.
You constrict the worm.
You tentacle-slap the worm but do no damage.
The worm is heavily wounded.
You constrict the worm. The worm bites you!
You die...

.# #.##.....##..#
#.##...... .#
#.####.####..#
###....... .#
#...........## #....#..
.# #.....###..##
####...###. ##
#....##...## #..†...#y#.
#....##.#.# #÷##...###.
#....##.#.# #.##....#..
#....##.#.# #.##.......
###.....#@# #..##......
#######w#######.###....#
#.##........######
#.##.####.#####.# #.##.#
#.......# #....#
#######.# ###### ###


You could see a worm.

Vanquished Creatures
  4 adders
  3 worms (D:2)
  A giant gecko (D:2)
  10 bats
  3 giant cockroaches
  9 hobgoblins
  3 jackals (D:1)
  A quokka (D:2)
  A ball python (D:1)
  3 giant newts
  3 kobolds
  6 rats
47 creatures vanquished.

Notes
Turn   | Place    | Note
--------------------------------------------------------------
     0 | D:1      | Raultor the Octopode Transmuter began the quest for the Orb.
     0 | D:1      | Reached XP level 1. HP: 13/13 MP: 3/3
    92 | D:1      | Reached XP level 2. HP: 12/18 MP: 5/5
   657 | D:1      | Reached XP level 3. HP: 23/23 MP: 6/6
   918 | D:2      | Learned a level 3 spell: Spider Form
   927 | D:2      | Found a stormy altar of Qazlal.
   929 | D:2      | Noticed a water elemental
   930 | D:2      | Noticed an earth elemental
   930 | D:2      | Noticed an air elemental
   930 | D:2      | Noticed a fire elemental
   979 | D:1      | HP: 1/23 [poisoned by an adder]
  1271 | D:2      | Reached skill level 4 in Transmutations
  1271 | D:2      | Reached XP level 4. HP: 14/28 MP: 7/7
  1957 | D:2      | Found a snail-covered altar of Cheibriados.
  2029 | D:2      | Noticed a moth of wrath
  2032 | D:2      | Found a bloodstained altar of Trog.
  2145 | D:2      | Mangled by a worm

Vault maps used:
D:1:      dpeg_arrival_yet_another_circle, glass_columns_a
D:2:      old_standard_altar, tgw_trog, nicolae_qazlal_style_of_elements,
          uniq_iyjb

Action                   |  1- 3 |  4- 6 || total
-------------------------+-------+-------++-------
Melee: Unarmed           |    81 |    47 ||   128
 Cast: Spider Form       |       |     1 ||     1
  Use: Scroll            |     2 |     3 ||     5
       Potion            |     1 |       ||     1
 Stab: Sleeping          |     9 |     3 ||    12
  Eat: Chunk             |     1 |     3 ||     4
